 Dungeon Crawl Stone Soup version 0.28.0-53-g5a82cb258f (webtiles) character file.

Game seed: 11323352169034564044

93 nshep25 the Grave Robber (level 4, -1/27 HPs)
             Began as a Vampire Necromancer on July 18, 2022.
             Slain by a goblin
             ... wielding a +0 club
             ... led by Robin
              (2 damage)
             ... on level 3 of the Dungeon.
             The game lasted 00:22:48 (2221 turns).

nshep25 the Grave Robber (Vampire Necromancer)      Turns: 2221, Time: 00:22:48

Health: -1/27      AC:  4    Str:  7    XL:     4   Next: 37%
Magic:  6/8        EV: 11    Int: 19    God:
Gold:   73         SH:  0    Dex: 14    Spells: 3/8 levels left

rFire   . . .      SeeInvis +   i - +4 trident
rCold   . . .      Faith    .   (no shield)
rNeg    . . .      Spirit   .   v - +0 leather armour
rPois   .          Reflect  .   (no helmet)
rElec   .          Harm     .   (no cloak)
rCorr   .          Rampage  .   u - +0 pair of gloves
Will    .....                   (no boots)
Stlth   ++........              (no amulet)
HPRegen 0.29/turn               t - ring of see invisible
MPRegen 0.11/turn               (no ring)

@: about to teleport, healing quickly
A: alive, fangs 3, see invisible, vampiric 2, [frail 1]
a: Exsanguinate


You were on level 3 of the Dungeon.
You visited 1 branch of the dungeon, and saw 4 of its levels.

You collected 73 gold pieces.

Inventory:

Hand Weapons
 i - a +4 trident (weapon)
 q - a +0 rapier
Missiles
 e - 85 stones (quivered)
 p - 27 arrows
Armour
 a - a +0 robe
 c - a +0 robe
 u - a +0 pair of gloves (worn)
 v - a +0 leather armour (worn)
Jewellery
 t - a ring of see invisible (left hand)
Scrolls
 b - a scroll of vulnerability
 h - a scroll of teleportation
 l - a scroll of amnesia {unknown}
Potions
 d - 2 potions of attraction {unknown}
 f - a potion of mutation {unknown}
 g - 2 potions of curing {unknown}
 m - a potion of magic {unknown}
 n - a potion of lignification {unknown}
 s - a potion of heal wounds {unknown}


   Skills:
 + Level 0.1(0.3) Short Blades
 + Level 0.4 Long Blades
 + Level 0.1 Armour
 + Level 2.4 Dodging
 + Level 3.2 Stealth
 + Level 2.8 Spellcasting
 + Level 5.6 Necromancy


You had 3 spell levels left.
You knew the following spells:

 Your Spells              Type           Power      Damage    Failure   Level
a - Pain                  Necr           96%        1d8       2%          1
b - Animate Skeleton      Necr           48%        N/A       2%          1
c - Vampiric Draining     Necr           24%        2d7       7%          3

Your spell library contained the following spells:

 Spells                   Type           Power      Damage    Failure   Level
 Corpse Rot               Necr/Air       26%        N/A       11%         2
 Poisonous Vapours        Pois/Air       4%         N/A       34%         2
 Animate Dead             Necr           12%        N/A       22%         4
 Agony                    Necr           24%        N/A       52%         5


Dungeon Overview and Level Annotations

Branches:
Dungeon (4/15)
 Temple: D:4-7

Altars:

Annotations:
D:4 Robin


Innate Abilities, Weirdness & Mutations

Your natural rate of healing is accelerated.
You have razor-sharp teeth.
You have supernaturally acute eyesight. (SInv)
You are afflicted with vampirism and can become a bat while bloodless.
[You are frail. (-10% HP)]


Message History

The hobgoblin hits your goblin skeleton.
The goblin closely misses you. The hobgoblin misses you.
The goblin shoots a stone.
The stone barely misses you.
The stone hits the hobgoblin.
The goblin shoots a stone.
The stone barely misses you.
You hit the hobgoblin.
You kill the hobgoblin!
The goblin hits you with a +0 club. x2; The quokka closely misses you.
The goblin shoots a stone.
The stone hits you but does no damage. The goblin hits you but does no damage.
The hobgoblin hits your goblin skeleton.
Casting: Animate Skeleton (safe; 2% risk of failure)
Confirm with . or Enter, or press ? or * to list all spells.
You attempt to give life to the dead...
Before your eyes, flesh is ripped from the corpse!
The dead are walking!
The goblin misses you. The quokka bites you.
* * * LOW HITPOINT WARNING * * *
The goblin closely misses you.
The hobgoblin hits your goblin skeleton.
Your goblin skeleton is destroyed!
The quokka closely misses you. The goblin completely misses you.
The goblin unwields a +0 hunting sling.
The goblin wields a +0 club.
The goblin barely misses you. The goblin hits you with a +0 club.
* * * LOW HITPOINT WARNING * * *
The quokka bites you.
* * * LOW HITPOINT WARNING * * *
You climb upwards.
Your mindless puppet stays behind to rot.
There is a stone staircase leading down here.
Unknown command.
As you read the scroll of teleportation, it crumbles to dust.
You feel strangely unstable. The goblin hits you but does no damage.
The quokka closely misses you. The goblin hits you with a +0 club.
* * * LOW HITPOINT WARNING * * *
The goblin misses you. The goblin hits you with a +0 club.
Keep bloodletting?
Uppercase [Y]es or [N]o only, please.
Keep bloodletting?
You die...

..####.#..#####.###.####
......[............†...#
##...#....####.####.#.##
...######.##...##.....#
.### #..#.####...###
...# ##.....##.### ##.##
###.#....# .#..#
#...###g.## .##.#
####.##...@g.#
.##.###........rg#.#
........##.##..###.###
†#########.##.## #...#
.#####.....##.# ###.#
..##...######.# #.##
.....### #.# #..#####
..###########.# ##.....#
..####......#.# #.....#


You could see a quokka and 3 goblins.

Vanquished Creatures
  2 adders
  2 dart slugs
  4 orcs (D:3)
  6 ball pythons
  2 bats
  3 endoplasms
  2 giant cockroaches
  11 goblins
  6 hobgoblins
  7 kobolds
  2 quokkas
  2 frilled lizards
  5 rats
54 creatures vanquished.

Vanquished Creatures (collateral kills)
  A dart slug (D:1)
  A bat (D:2)
  An endoplasm (D:1)
  A goblin (D:1)
  A kobold (D:1)
5 creatures vanquished.

Vanquished Creatures (others)
  A goblin (D:4)
1 creature vanquished.

Grand Total: 60 creatures vanquished

Notes
Turn   | Place    | Note
-------+----------+-------------------------------------------
     0 | D:1      | nshep25 the Vampire Necromancer began the quest for the
                  | Orb.
     0 | D:1      | Reached XP level 1. HP: 13/13 MP: 3/3
    15 | D:1      | Learned a level 1 spell: Animate Skeleton
   130 | D:1      | Reached XP level 2. HP: 17/19 MP: 0/5
   323 | D:1      | Reached skill level 5 in Necromancy
   853 | D:2      | Gained mutation: You are afflicted with vampirism and can
                  | become a bat while bloodless. [Vampire growth]
   853 | D:2      | Reached XP level 3. HP: 19/21 MP: 1/6
  1040 | D:2      | Learned a level 3 spell: Vampiric Draining
  1698 | D:3      | Reached XP level 4. HP: 14/27 MP: 2/8
  2185 | D:3      | You fall into a shaft and drop 1 floor!
  2185 | D:4      | Noticed Robin
  2220 | D:3      | HP: 1/27 [goblin/+0 club[Robin] (3)]
  2221 | D:3      | Slain by a goblin

Illustrated notes

Levels and vault maps discovered:
D:1:      minmay_arrival_five_plusses, layout_rooms, columned_hall_lemuel,
          st_stairs_2
D:2:      layout_basic, minmay_cupped
D:3:      layout_rooms
D:4:      layout_rooms, minmay_temple_entry_proselytizer,
          cheibrodos_sewer_entry_bend, minmay_manual_mess, uniq_robin,
          uniq_duvessa

Skill      XL: |  1  2 |
---------------+-------+-----
Necromancy     | 5 |  5.6
Short Blades   | |  0.1
Long Blades    | |  0.4
Armour         | |  0.1
Dodging        | |  2.4
Stealth        | |  3.2
Spellcasting   | |  2.8

Action                   |  1- 3 |  4- 6 || total
-------------------------+-------+-------++-------
Melee: Dagger            |    10 |       ||    10
       Unarmed           |     6 |       ||     6
       Bite              |     2 |       ||     2
       Scimitar          |    13 |       ||    13
       Rapier            |    18 |     4 ||    22
       Trident           |       |     4 ||     4
 Cast: Pain              |    48 |    16 ||    64
       Animate Skeleton  |     7 |     2 ||     9
       Vampiric Draining |     1 |       ||     1
 Abil: Exsanguinate      |     1 |     1 ||     2
       Revivify          |     1 |       ||     1
  Use: Scroll            |     2 |     1 ||     3
 Stab: Distracted        |     1 |       ||     1
Armor: Robe              |    12 |       ||    12
       Leather armour    |       |     8 ||     8
Dodge: Dodged            |    41 |    25 ||    66
